 Dungeon Crawl Stone Soup version 0.28-a0-983-g1de4e0787c (webtiles) character file.

Game seed: 8577013638294794577

468 kae the Changer (level 6, 0/47 HPs)
             Began as a Draconian Transmuter on Dec 2, 2021.
             Slain by a sky beast (5 damage)
             ... on level 5 of the Dungeon.
             The game lasted 00:02:56 (4650 turns).

kae the Changer (Draconian Transmuter)              Turns: 4650, Time: 00:02:56

Health: 0/47       AC:  2    Str: 12    XL:     6   Next: 81%
Magic:  4/11       EV: 19    Int: 16    God:
Gold:   161        SH:  0    Dex: 16    Spells: 3/11 levels left

rFire   . . .      SeeInvis .     - Unarmed
rCold   . . .      Faith    .   (shield currently unavailable)
rNeg    . . .      Spirit   .   (armour unavailable)
rPois   x          Reflect  .   (helmet currently unavailable)
rElec   .          Harm     .   (cloak currently unavailable)
rCorr   .          Rampage  .   (gloves currently unavailable)
Will    .....                   (boots currently unavailable)
Stlth   +.........              (no amulet)
HPRegen 0.15/turn               (no ring)
MPRegen 0.12/turn               (no ring)

@: spider-form, very slightly contaminated, studying Staves
A: venomous fangs, AC +6, tiny, unfitting armour, (cold-blooded)
a: End Transformation


You were on level 5 of the Dungeon.
You were a venomous arachnid creature.
You visited 1 branch of the dungeon, and saw 5 of its levels.

You collected 161 gold pieces.

Inventory:

Jewellery
 a - a +4 ring of protection
 c - a ring of see invisible
 d - a +6 ring of intelligence
 g - a ring of flight
 i - a +6 ring of strength
Wands
 f - a wand of iceblast (11)
 k - a wand of polymorph (9)
Scrolls
 b - a scroll of teleportation
 m - 2 scrolls of identify
 o - a scroll of enchant armour
Potions
 e - 2 potions of brilliance
 h - a potion of flight
 j - a potion of might
 l - 2 potions of lignification
 n - a potion of heal wounds {unknown}


   Skills:
 - Level 1.1 Fighting
 - Level 1.7 Dodging
 + Level 4.3 Unarmed Combat
 + Level 3.4 Spellcasting
 * Level 4.8 Transmutations
 * Level 2.8 Ice Magic


You had 3 spell levels left.
You knew the following spells:

 Your Spells              Type           Power      Damage    Failure   Level
a - Beastly Appendage     Tmut           36%        N/A       9%          1
b - Spider Form           Tmut/Pois      10%        N/A       41%         3
c - Ice Form              Ice/Tmut       15%        N/A       56%         4

Your spell library contained the following spells:

 Spells                   Type           Power      Damage    Failure   Level
 Wereblood                Tmut           18%        N/A       12%         2
 Ensorcelled Hibernation  Hex/Ice        14%        N/A       34%         2
 Inner Flame              Hex/Fire       2%         N/A       69%         3
 Cause Fear               Hex            1%         N/A       96%         4
 Discord                  Hex            1%         N/A       100%        8


Dungeon Overview and Level Annotations

Branches:
Dungeon (5/15)
 Temple: D:4-7

Altars:

Annotations:
D:2 1 runed translucent door, Crazy Yiuf


Innate Abilities, Weirdness & Mutations

You are a venomous arachnid creature.
You have poisonous fangs.
You are tiny and dextrous.
Your spellcasting is less reliable in this form.
Your armour is entirely melded.
You are incapable of wielding weapons or throwing items.
((Your plain brown scales are hard. (AC +6)))
You cannot fit into any form of body armour.
((You are cold-blooded and may be slowed by cold attacks.))


Message History

There are monsters nearby!
You hit the dart slug.
You kill the dart slug!
You closely miss the sky beast.
Your transformation has ended.
The sky beast hits you but does no damage.
You closely miss the sky beast. You tail-slap the sky beast.
The sky beast is lightly wounded.
The sky beast hits you. The sky beast shocks you.
You barely miss the sky beast.
The sky beast is lightly wounded.
The sky beast hits you but does no damage.
You barely miss the sky beast.
The sky beast is lightly wounded.
The sky beast hits you but does no damage.
You hit the sky beast but do no damage.
Your tail-slap misses the sky beast.
The sky beast is lightly wounded.
The sky beast hits you but does no damage.
You barely miss the sky beast.
The sky beast is lightly wounded.
The sky beast hits you but does no damage.
Casting: Spider Form (dangerous; 21% risk of failure)
Confirm with . or Enter, or press ? or * to list all spells.
You miscast Spider Form.
You are very lightly contaminated with residual magic.
Nothing appears to happen.
The sky beast flickers out of sight!
Deactivating autopickup; reactivate with Ctrl-A.
Something hits you but does no damage.
You hit something but do no damage. Something hits you but does no damage.
You hit something but do no damage. Something hits you. Something shocks you.
Casting: Spider Form (dangerous; 21% risk of failure)
Confirm with . or Enter, or press ? or * to list all spells.
You turn into a venomous arachnid creature.
Something hits you. Something shocks you. Something hits you.
Something shocks you.
* * * LOW HITPOINT WARNING * * *
You closely miss something. Something hits you.
* * * LOW HITPOINT WARNING * * *
Something shocks you.
You die...

#.# #.# .#######...# #
.........#..## # #
..........##..####.# ...
....................
........................
...#............s{.....#
...#>..........).....#..
..............#.........
..............###.......
.#............##......#.
.....##..###......###.#
.#..<.........##..# ...
..................# ##
..(...<..........##


There were no monsters in sight!

Vanquished Creatures
  2 scorpions
  A bullfrog skeleton (D:4)
  An orc priest (D:3)
  A hound (D:5)
  Jessica (D:2)
  An orc wizard (D:3)
  A hound skeleton (D:4)
  10 adders
  3 dart slugs
  4 orcs
  9 ball pythons
  8 bats
  6 endoplasms
  5 giant cockroaches
  7 goblins
  8 hobgoblins
  4 jackals (D:5)
  5 quokkas
  4 frilled lizards
  A jackal skeleton (D:4)
  11 kobolds
  6 rats
99 creatures vanquished.

Notes
Turn   | Place    | Note
-------+----------+-------------------------------------------
     0 | D:1      | kae the Draconian Transmuter began the quest for the Orb.
     0 | D:1      | Reached XP level 1. HP: 16/16 MP: 3/3
   117 | D:1      | Reached XP level 2. HP: 17/23 MP: 3/5
   471 | D:1      | Found a faded altar of an unknown god.
   600 | D:1      | Reached XP level 3. HP: 28/28 MP: 4/6
  1613 | D:2      | Found a runed translucent door.
  1614 | D:2      | Noticed Crazy Yiuf
  1645 | D:2      | Reached XP level 4. HP: 34/35 MP: 5/7
  1771 | D:2      | Noticed Jessica
  1777 | D:2      | Killed Jessica
  1785 | D:2      | Learned a level 3 spell: Spider Form
  1790 | D:2      | Learned a level 4 spell: Ice Form
  2586 | D:3      | Reached XP level 5. HP: 33/40 MP: 2/9
  2812 | D:3      | Reached skill level 1 in Ice Magic
  3589 | D:4      | Reached XP level 6. HP: 32/47 MP: 10/10
  4458 | D:5      | Entered Level 5 of the Dungeon
  4633 | D:5      | Noticed a sky beast
  4650 | D:5      | Slain by a sky beast

Illustrated notes

Levels and vault maps discovered:
D:1:      dpeg_arrival_rhombus, layout_loops_ring,
          ebering_ecumenical_altar_sacrificial, minmay_three_crescents
D:2:      layout_rooms, minmay_curled_crystal, uniq_crazy_yiuf_cottage,
          uniq_jessica
D:3:      layout_basic, gup_sewer_entry_glass, minmay_quantized
D:4:      layout_loops_ring
D:5:      layout_rooms, minmay_mini_ossuary

Skill      XL: |  1  2  3  4  5 |
---------------+----------------+-----
Transmutations | 3 4 |  4.8
Spellcasting   | 3 |  3.4
Ice Magic      | 2 |  2.8
Unarmed Combat | 4 |  4.3
Fighting       | |  1.1
Dodging        | |  1.7

Action                   |  1- 3 |  4- 6 || total
-------------------------+-------+-------++-------
Melee: Unarmed           |   128 |   189 ||   317
       Kick              |    12 |    19 ||    31
       Headbutt          |     9 |     9 ||    18
       Tailslap          |     8 |     8 ||    16
       Punch             |       |     1 ||     1
 Cast: Beastly Appendage |    24 |    20 ||    44
       Spider Form       |       |     4 ||     4
  Use: Scroll            |     5 |     7 ||    12
       Potion            |       |     2 ||     2
 Stab: Sleeping          |       |     1 ||     1
Armor: Skin              |    43 |    71 ||   114
Dodge: Dodged            |   101 |   114 ||   215

Table legend: (Time is in decaauts)
 A = Elapsed time spent in this place.
 B = Non-inter-level travel time spent in this place.
 C = Inter-level travel time spent in this place.
 D = Time resting spent in this place.
 E = Time spent auto-exploring this place.
 F = Levels seen in this place.
 G = Mean time per level.
                   A        B        C        D        E       F      G
               +--------+--------+--------+--------+--------+-----+--------+
         Total |   4633 |   4508 |    125 |     24 |   3738 |   5 |  926.6 |
       Dungeon |   4633 |   4508 |    125 |     24 |   3738 |   5 |  926.6 |
               +--------+--------+--------+--------+--------+-----+--------+

Top non-repeatable levels by time:
     D:3: 1391 daAuts
     D:1: 1230 daAuts
     D:4: 1111 daAuts
     D:2: 797 daAuts
     D:5: 101 daAuts
